 Dungeon Crawl Stone Soup version 0.31-a0-8-gd14b0f4ee2 (webtiles) character file.

Game seed: 11856827616168665510

4 Numeracy the Trooper (level 1, -2/22 HPs)
             Began as an Ogre Gladiator on May 7, 2023.
             Slain by a gnoll
             ... wielding a +0 club
              (4 damage)
             ... on level 1 of the Dungeon.
             The game lasted 00:00:25 (201 turns).

Numeracy the Trooper (Ogre Gladiator)                Turns: 201, Time: 00:00:25

Health: -2/22      AC:  3    Str: 17    XL:     1   Next: 60%
Magic:  1/1        EV: 10    Int:  9    God:
Gold:   20         SH:  0    Dex: 10    Spells: 0/0 levels left

rFire   . . .        a - +0 flail
rCold   . . .        (no shield)
rNeg    . . .        b - +0 robe
rPois   .            c - +0 hat
rElec   .            (no cloak)
rCorr   .            (gloves unavailable)
SInv    .            (boots unavailable)
Will    .....        (no amulet)
Stlth   +            (no ring)
HPRegen 0.23/turn    (no ring)
MPRegen 0.07/turn

%: no passive effects
@: no status effects
A: large, unfitting armour, tough skin 1
a: no special abilities


You were on level 1 of the Dungeon.
You visited 1 branch of the dungeon, and saw 1 of its levels.

You collected 20 gold pieces.

Inventory:

Hand Weapons
 a - a +0 flail (weapon)
Missiles
 d - 3 throwing nets (quivered)
 e - a large rock
Armour
 b - a +0 robe (worn)
 c - a +0 hat (worn)
Potions
 f - a potion of ambrosia {unknown}
 g - a potion of attraction {unknown}
 h - a potion of lignification {unknown}


   Skills:
 + Level 2.9 Fighting
 * Level 2.9 Maces & Flails
 - Level 2.0 Throwing
 - Level 2.6 Dodging


You couldn't memorise any spells.
You didn't know any spells.
Your spell library was empty.

Dungeon Overview and Level Annotations

Branches:
Dungeon (1/15)

Altars:


Innate Abilities, Weirdness & Mutations

You are too large for most types of armour.
You have tough skin. (AC +1)


Message History

You kill the giant cockroach!
No target in view!
No target in view!
HP restored.
Things that are here:
a +0 club; a goblin corpse A rat comes into view.
A rat is nearby!
The rat bites you but does no damage.
You barely miss the rat. The rat bites you.
You hit the rat.
You kill the rat!
Found a whip.
No target in view!
No target in view!
No target in view!
A rat comes into view.
A rat is nearby!
Found 2 stones.
The rat closely misses you.
You hit the rat.
You kill the rat!
A gnoll comes into view. It is wielding a +0 club.
Found a stone staircase leading down.
The gnoll shouts!
A dart slug and a rat come into view.
The gnoll hits you with a +0 club.
You hit the gnoll.
The gnoll is lightly wounded.
The gnoll hits you with a +0 club! The dart slug launches a dart at you.
The slug dart hits you. The gnoll hits you with a +0 club.
* * * LOW HITPOINT WARNING * * *
You barely miss the gnoll.
The gnoll is lightly wounded.
The gnoll hits you with a +0 club.
* * * LOW HITPOINT WARNING * * *
The gnoll hits you with a +0 club.
You die...

...............#
.##............#####
.##.................
.##.............##
###...........).# #
#...##+###....# # #...##.#
#....# # #......#
####.#### # #...####
#.@gr#
####..############.#
.......................w..
###....###########...#r...
+....'....... ...... ..
###....######## ##.....
.......'....... .>####
###....######## ###
###...##


You could see a gnoll and a rat.

Vanquished Creatures
  A giant cockroach (D:1)
  A goblin (D:1)
  2 rats (D:1)
4 creatures vanquished.

Notes
Turn   | Place    | Note
-------+----------+-------------------------------------------
     0 | D:1      | Numeracy the Ogre Gladiator began the quest for the Orb.
     0 | D:1      | Reached XP level 1. HP: 22/22 MP: 1/1
   201 | D:1      | Slain by a gnoll

Illustrated notes

Levels and vault maps discovered:
D:1:      psy_arrival_conway, layout_basic, corexii_leaking_fountain

Action                     || total
---------------------------++-------
  Melee: Flail             ||    16
 Armour: Robe              ||     6
  Dodge: Dodged            ||     8

Table legend: (Time is in decaauts)
 A = Elapsed time spent in this place.
 B = Non-inter-level travel time spent in this place.
 C = Inter-level travel time spent in this place.
 D = Time resting spent in this place.
 E = Time spent auto-exploring this place.
 F = Levels seen in this place.
 G = Mean time per level.
                   A        B        C        D        E       F      G
               +--------+--------+--------+--------+--------+-----+--------+
         Total |    204 |    204 |      0 |      0 |    165 |   1 |  204.0 |
       Dungeon |    204 |    204 |      0 |      0 |    165 |   1 |  204.0 |
               +--------+--------+--------+--------+--------+-----+--------+

Top non-repeatable levels by time:
     D:1: 204 daAuts
